[Event "Team 45 45 League T43"]
[Site "Internet Chess Club"]
[Date "2009.11.10"]
[Round "2"]
[White "MarkNY"]
[Black "Ernie1"]
[Result "1-0"]
[WhiteElo "1575"]
[BlackElo "1576"]
[Opening "Caro-Kann: advance variation"]
[ECO "B12"]
[Time "22:00:10"]
[TimeControl "2700+45"]

1. e4 c6 2. d4 d5 3. e5 Bf5 4. c4 e6 5. Nf3 Bb4+ 6. Bd2 Qa5 7. Bxb4 Qxb4+ 8. Qd2
Qxd2+ 9. Nbxd2 Ne7 10. cxd5 Nxd5 11. a3 Nd7 12. Nc4 Ke7 13. Nd6 Rab8 14. Nxf5+
exf5 15. Bc4 N7b6 16. Bd3 g6 17. g3 Na4 18. Rb1 Rhc8 19. Bc4 Nab6 20. b3 Nd7 21.
Bxd5 cxd5 22. Kd2 Rc6 23. Rbc1 Rbc8 24. Rxc6 Rxc6 25. Rc1 Rxc1 26. Kxc1 f6 27.
Kd2 fxe5 28. Nxe5 Nxe5 29. dxe5 Ke6 30. f4 h6 31. h4 g5 32. hxg5 hxg5 33. Kd3
gxf4 34. gxf4 b5 35. b4 a6 36. Kd4 {Black resigns} 1-0

[Event "Team 45 45 League T43"]
[Site "Internet Chess Club"]
[Date "2009.11.08"]
[Round "2"]
[White "slipkid"]
[Black "vollmerj"]
[Result "0-1"]
[WhiteElo "1488"]
[BlackElo "1792"]
[Opening "Alekhine's defense: modern variation"]
[ECO "B04"]
[Time "09:00:10"]
[TimeControl "2700+45"]

1. e4 Nf6 2. e5 Nd5 3. d4 d6 4. Nf3 Nc6 5. Bc4 e6 6. a4 Nb6 7. Be2 dxe5 8. dxe5
Qxd1+ 9. Bxd1 Nc4 10. O-O N4xe5 11. Nc3 Nxf3+ 12. Bxf3 Bd6 13. Re1 Nd4 14. Be4
O-O 15. Be3 Nc6 16. Nb5 Bd7 17. Bxc6 bxc6 18. Nc3 Rfb8 19. Rab1 Bb4 20. Bd2 c5
21. Red1 Bc6 22. b3 Rb7 23. Ne2 Bxd2 24. Rxd2 Bxa4 25. Nc3 Bc6 26. Rbd1 g6 27.
Nb1 Rab8 28. Na3 Bd5 29. f3 Rb4 30. Nb1 c4 31. Nc3 cxb3 32. Nxd5 exd5 33. cxb3
c6 34. Rc1 R8b6 35. Rdc2 Rxb3 36. Rxc6 Rb1 37. Rxb1 Rxb1+ 38. Kf2 d4 39. Rd6
Rb2+ 40. Kg3 Rb4 41. Kf2 a5 42. Ke2 a4 43. Kd3 a3 44. Ra6 Rb2 45. Rxa3 Rxg2 46.
Kxd4 Rxh2 47. Ke5 Rh5+ 48. Kf4 Rf5+ 49. Ke3 Kg7 50. Ra4 h5 51. Ke4 Kh6 52. Ra6
Kg5 53. Ra7 h4 54. Ra8 f6 55. Rh8 Rf4+ 56. Ke3 Rb4 57. Rh7 Kf5 58. Rh8 g5 59.
Re8 Rb3+ 60. Kf2 Rb5 61. Re4 Re5 62. Rg4 Rc5 63. Re4 Rc2+ 64. Ke3 Rc1 65. f4
Re1+ {White resigns} 0-1

[Event "Team 45 45 League T43"]
[Site "Internet Chess Club"]
[Date "2009.11.08"]
[Round "2"]
[White "chicopee-ed"]
[Black "MikeA"]
[Result "0-1"]
[WhiteElo "1375"]
[BlackElo "1392"]
[Opening "Queen's pawn game"]
[ECO "D00"]
[Time "11:00:20"]
[TimeControl "2700+45"]

1. d4 d5 2. e3 Nc6 3. Nf3 Nf6 4. c4 e6 5. Nc3 Bb4 6. Bd2 O-O 7. a3 Bxc3 8. Bxc3
Bd7 9. Bd3 dxc4 10. Bxc4 Ne4 11. Nd2 Nxc3 12. bxc3 Na5 13. Bd3 Bc6 14. O-O Qg5
15. e4 Rad8 16. Nf3 Qe7 17. Ne5 Be8 18. a4 c5 19. Qe2 cxd4 20. cxd4 Nb3 21. Rab1
Nxd4 22. Qg4 Bxa4 23. Ra1 b5 24. Qh3 f6 25. Ng4 a6 26. f4 Nb3 27. Rae1 Qc5+ 28.
Kh1 a5 29. f5 e5 30. Rf3 Nd4 31. Rg3 Bb3 32. Nh6+ Kh8 33. Rg4 gxh6 34. Qxh6 Qc7
35. Rg6 Qf7 36. Qh5 Rg8 37. Re3 Rxg6 38. fxg6 Qxg6 39. Qh4 Qg5 40. Qh3 Nc2 41.
Bxc2 Bxc2 42. g4 b4 {White resigns} 0-1

[Event "Team 45 45 League T43"]
[Site "Internet Chess Club"]
[Date "2009.11.08"]
[Round "2"]
[White "andrew28"]
[Black "rayonline53"]
[Result "0-1"]
[WhiteElo "1685"]
[BlackElo "1513"]
[Opening "Sicilian: Najdorf, 6.Bg5"]
[ECO "B94"]
[Time "15:10:58"]
[TimeControl "2700+45"]

1. e4 c5 2. Nf3 d6 3. d4 cxd4 4. Nxd4 Nf6 5. Nc3 a6 6. Bg5 e5 7. Nf3 Be7 8. Be2
O-O 9. O-O Be6 10. Qd2 Nbd7 11. Rad1 h6 12. Bh4 Nc5 13. Bxf6 Bxf6 14. Qxd6 Qa5
15. Qd2 Rfd8 16. Qe3 Na4 17. Nd5 Bxd5 18. exd5 Rxd5 19. b4 Qd8 20. c4 Rxd1 21.
Rxd1 Qe7 22. c5 a5 23. a3 axb4 24. axb4 b6 25. Qe4 Rb8 26. Qc2 e4 27. Nd4 Rd8
28. Qxa4 Bxd4 29. c6 e3 30. f3 Bc3 31. b5 Rd2 32. Qe4 Qd6 33. Qa4 Rxe2 34. h3
Rd2 35. Rf1 e2 36. Re1 Rd1 37. c7 Rxe1+ 38. Kf2 Rf1+ 39. Kxe2 Qd2+ 40. Kxf1 Qe1#
{White checkmated} 0-1

[Event "Team 45 45 League T43"]
[Site "Internet Chess Club"]
[Date "2009.11.07"]
[Round "2"]
[White "nursey"]
[Black "Andressa"]
[Result "0-1"]
[WhiteElo "1592"]
[BlackElo "1541"]
[Opening "Sicilian: Taimanov variation"]
[ECO "B45"]
[Time "14:39:21"]
[TimeControl "2700+45"]

1. e4 c5 2. Nf3 Nc6 3. d4 cxd4 4. Nxd4 e6 5. Nc3 d5 6. exd5 exd5 7. Bb5 Ne7 8.
O-O a6 9. Ba4 Bd7 10. Re1 Nxd4 11. Qxd4 Bxa4 12. Qxa4+ b5 13. Qb3 d4 14. Nd5 Ra7
15. Bg5 Rd7 16. Nf4 h6 17. Bh4 Qc7 18. Bg3 Qc6 19. Rad1 g6 20. a4 Bg7 21. axb5
axb5 22. Bh4 g5 23. Nh5 O-O 24. Nxg7 Kxg7 25. Bg3 Nf5 26. Rd2 f6 27. Re6 Qd5 28.
Qxd5 Rxd5 29. Kf1 h5 30. Bc7 Rc8 31. Bb6 Kf7 32. Re4 Rc6 33. Ba5 Ra6 34. Bc3
Ra1+ 35. Ke2 Ra4 36. f3 Rd6 37. Kd3 dxc3+ 38. Kxc3 Rxd2 39. Kxd2 Rxe4 40. fxe4
Nd6 41. Kd3 Ke6 42. Kd4 Nc4 43. b3 Na3 44. c4 bxc4 45. bxc4 Nc2+ 46. Kc3 Ne3 47.
g3 Nf1 48. Kd4 Nxh2 49. c5 Ng4 50. Kc4 Ne5+ 51. Kd4 h4 52. gxh4 gxh4 53. Ke3 h3
54. Kf2 Nd3+ 55. Kg3 Nxc5 56. Kxh3 Nxe4 57. Kg4 Ke5 58. Kf3 f5 59. Ke3 f4+ 60.
Ke2 Kf5 61. Kf3 Ng5+ 62. Ke2 Ke4 63. Kf2 f3 64. Kf1 Ke3 65. Ke1 f2+ 66. Kf1 Nh3
67. Kg2 Ke2 68. Kxh3 f1=Q+ 69. Kg4 Qf3+ 70. Kg5 Qc6 71. Kf4 Qc5 72. Ke4 Kf2 73.
Kf4 Qc4+ 74. Ke5 Kf3 75. Kf5 Qd5+ 76. Kf6 Kf4 77. Ke7 Kf5 78. Kf8 Qd6+ 79. Ke8
Qc7 80. Kf8 Kf6 81. Kg8 Qg7# {White checkmated} 0-1

[Event "Team 45 45 League T43"]
[Site "Internet Chess Club"]
[Date "2009.11.08"]
[Round "2"]
[White "mongmong"]
[Black "Pawndemonium"]
[Result "1-0"]
[WhiteElo "1537"]
[BlackElo "1468"]
[Opening "Queen's pawn"]
[ECO "A40"]
[Time "19:58:25"]
[TimeControl "2700+45"]

1. d4 e6 2. Nf3 f5 3. e3 d5 4. Bd3 Nf6 5. O-O Bd6 6. Nfd2 O-O 7. f3 Bd7 8. Qe2
Qe7 9. e4 fxe4 10. fxe4 dxe4 11. Nxe4 Bc6 12. Bg5 Bxe4 13. Bxe4 Nbd7 14. Qd3 h6
15. Bh4 g5 16. Bf2 Ng4 17. h3 Bh2+ 18. Kh1 Nxf2+ 19. Rxf2 Rxf2 20. Kxh2 Raf8 21.
Nd2 g4 22. hxg4 Qh4+ 23. Kg1 Qxg4 24. Rf1 Rxf1+ 25. Nxf1 Nf6 26. Bf3 Qf4 27. c3
c6 28. Qc4 Kf7 29. Qb3 Qc7 30. Ne3 Nd5 31. Nc4 Ke7 32. Ne5 Kd8 33. Qa3 Qg7 34.
Qd6+ Kc8 35. Qxe6+ Kd8 36. Qd6+ Kc8 37. Bg4+ {Black resigns} 1-0

[Event "Team 45 45 League T43"]
[Site "Internet Chess Club"]
[Date "2009.11.06"]
[Round "2"]
[White "oldprez"]
[Black "nozmov"]
[Result "1-0"]
[WhiteElo "1413"]
[BlackElo "1361"]
[Opening "French: exchange variation"]
[ECO "C01"]
[Time "18:30:41"]
[TimeControl "2700+45"]

1. e4 e6 2. d4 d5 3. exd5 exd5 4. Nf3 Bg4 5. Be2 Nd7 6. O-O Ngf6 7. Ne5 Bxe2 8.
Qxe2 Qe7 9. Nc3 a6 10. Bg5 c5 11. Nxd5 Qd6 12. Ng6+ Kd8 13. Nxf6 gxf6 14. Nxh8
Qe7 15. Qxe7+ Bxe7 16. Bf4 Ke8 17. Rfe1 Kf8 18. d5 f5 19. Rad1 Bf6 20. Bd6+ Kg7
21. Nxf7 Kxf7 22. b3 Rc8 23. c4 b5 24. Rd3 bxc4 25. bxc4 Nb6 26. Be5 Re8 27. Bc3
Rxe1+ 28. Bxe1 Nxc4 29. d6 Bd4 30. Bc3 Nxd6 31. Bxd4 cxd4 32. Rxd4 Ke6 33. Ra4
{Black resigns} 1-0

[Event "Team 45 45 League T43"]
[Site "Internet Chess Club"]
[Date "2009.11.06"]
[Round "2"]
[White "bobhill"]
[Black "SuperJEM"]
[Result "0-1"]
[WhiteElo "1942"]
[BlackElo "2160"]
[Opening "Queen's Pawn"]
[ECO "A41"]
[Time "22:30:33"]
[TimeControl "2700+45"]

1. d4 d6 2. Nf3 g6 3. Bg5 Bg7 4. e3 Nf6 5. c3 b6 6. Nbd2 Bb7 7. Bc4 O-O 8. O-O
Nbd7 9. a4 a6 10. Qe2 c5 11. Rfe1 Qc7 12. e4 e5 13. dxe5 dxe5 14. h3 h6 15. Bxf6
Nxf6 16. Nh2 Kh7 17. f3 Nh5 18. Ndf1 Nf4 19. Qc2 b5 20. axb5 axb5 21. Bxb5 c4
22. Ne3 Rxa1 23. Rxa1 Qc5 24. Bxc4 Qxe3+ 25. Kh1 Rd8 26. Nf1 Qb6 27. Bxf7 Nd3
28. b3 h5 29. c4 Qd4 30. Rb1 Nf2+ 31. Kh2 Nxe4 32. Bd5 Bxd5 33. cxd5 Nc3 34. Rc1
Nxd5 35. Rd1 Qf4+ 36. Kh1 Nb4 37. Qe2 Rxd1 38. Qxd1 e4 39. fxe4 Qxe4 40. Ng3 Qe3
41. Ne2 Nd3 42. Qf1 Nf2+ 43. Kh2 h4 44. b4 Be5+ 45. Kg1 Nxh3+ 46. Kh1 Nf2+ 47.
Kg1 Ne4+ 48. Kh1 Qxe2 49. Qf7+ Bg7 50. b5 Nf2+ 51. Kh2 Qe5+ 52. Kg1 Qe1+ {White
resigns} 0-1

[Event "Team 45 45 League T43"]
[Site "Internet Chess Club"]
[Date "2009.11.09"]
[Round "2"]
[White "SuperPeon"]
[Black "bgolev"]
[Result "1-0"]
[WhiteElo "2076"]
[BlackElo "1815"]
[Opening "Van't Kruijs opening"]
[ECO "A00"]
[Time "22:02:00"]
[TimeControl "2700+45"]

1. e3 e5 2. Nc3 d5 3. Nf3 Nc6 4. Be2 Nf6 5. d3 a6 6. O-O Be7 7. h3 O-O 8. a3 h6
9. b3 Be6 10. Bb2 Nd7 11. Qd2 f5 12. Rae1 Nf6 13. Nb1 Bd6 14. c4 Qe8 15. cxd5
Bxd5 16. Nh4 Be6 17. f4 exf4 18. exf4 Qf7 19. b4 Rfd8 20. Nf3 g6 21. Ne5 Bxe5
22. fxe5 Nd7 23. Qxh6 Ne7 24. Rf3 c5 25. Rg3 cxb4 26. h4 Qh7 27. Qg5 Kf7 28. h5
Rg8 29. hxg6+ Nxg6 30. Bh5 Rg7 31. d4 Nb6 32. Rf1 Nd5 33. Rxf5+ Bxf5 34. Qxf5+
Ke7 35. Rxg6 Rxg6 36. Bxg6 Qg7 37. Bc1 Kd8 38. e6 Ne7 39. Bg5 Rc8 40. Qd5+ Kc7
41. Qd7+ Kb8 42. Be4 Nf5 43. Bf4+ Ka7 44. Bxf5 Rc4 {Black resigns} 1-0

[Event "Team 45 45 League T43"]
[Site "Internet Chess Club"]
[Date "2009.11.07"]
[Round "2"]
[White "Beddathanme"]
[Black "Darkwizard1"]
[Result "1/2-1/2"]
[WhiteElo "1873"]
[BlackElo "1842"]
[Opening "Vienna game, Max Lange defense"]
[ECO "B00"]
[Time "14:00:21"]
[TimeControl "2700+45"]

1. e4 Nc6 2. Nc3 e5 3. Bc4 Bc5 4. Nf3 d6 5. h3 h6 6. Na4 Bb6 7. Nxb6 axb6 8. d4
exd4 9. Nxd4 Nge7 10. O-O O-O 11. f4 Kh7 12. Be3 Nxd4 13. Bxd4 f5 14. Qf3 fxe4
15. Qxe4+ Bf5 16. Qxb7 d5 17. Bd3 Qd6 18. Bxf5+ Nxf5 19. Be5 Qc5+ 20. Rf2 Rac8
21. Rd1 Ng3 22. Qxd5 Ne2+ 23. Kf1 Ng3+ 24. Kg1 Ne2+ 25. Kf1 {Game drawn by
mutual agreement} 1/2-1/2

[Event "Team 45 45 League T43"]
[Site "Internet Chess Club"]
[Date "2009.11.06"]
[Round "2"]
[White "Ehab"]
[Black "room-matt"]
[Result "0-1"]
[WhiteElo "1791"]
[BlackElo "1710"]
[Opening "Four knights: Scotch, 4...exd4"]
[ECO "C47"]
[Time "14:35:53"]
[TimeControl "2700+45"]

1. e4 e5 2. Nf3 Nc6 3. Nc3 Nf6 4. d4 exd4 5. Nxd4 Bb4 6. Nxc6 bxc6 7. Bd3 d5 8.
e5 Ng4 9. O-O d4 10. Nb1 Nxe5 11. a3 Bd6 12. f4 Nxd3 13. Qe2+ Be7 14. Qxd3 c5
15. Nd2 Rb8 16. Re1 O-O 17. Nf3 Bb7 18. b3 Bd5 19. a4 Qd6 20. Re5 g6 21. Ba3 f6
22. Rxe7 Qxe7 23. Nxd4 Rfe8 24. Nb5 Rbd8 25. Qg3 Qe2 26. Nxc7 Re3 27. Qf2 Be4
28. Bxc5 Rd1+ 29. Rxd1 Qxd1+ {White resigns} 0-1

[Event "Team 45 45 League T43"]
[Site "Internet Chess Club"]
[Date "2009.11.08"]
[Round "2"]
[White "snottgoblin"]
[Black "Campagnolo"]
[Result "1/2-1/2"]
[WhiteElo "2055"]
[BlackElo "2067"]
[Opening "English, 1...Nf6 (Anglo-Indian defense)"]
[ECO "A15"]
[Time "21:00:16"]
[TimeControl "2700+45"]

1. c4 Nf6 2. g3 c5 3. Bg2 d5 4. cxd5 Nxd5 5. Nf3 Nc6 6. O-O e5 7. d3 Be7 8. Qb3
Be6 9. Qa4 O-O 10. Nbd2 Qd7 11. a3 Rfd8 12. Ne4 h6 13. Qc2 b6 14. Bd2 Rac8 15.
Rac1 Bg4 16. Qa4 Bxf3 17. Bxf3 Nd4 18. Qxd7 Nxf3+ 19. exf3 Rxd7 20. b4 Rdc7 21.
bxc5 f5 22. Nd6 Bxd6 23. cxd6 Rxc1 24. Bxc1 Nc3 25. Bb2 Nb5 26. Bxe5 Rd8 27. Rc1
Nxd6 28. Rc7 Nf7 29. d4 a5 30. f4 Kf8 31. Rb7 Nxe5 32. dxe5 Rd3 33. Rxb6 Rxa3
34. Rb7 Ra2 35. Kg2 a4 36. Ra7 a3 37. Kf3 h5 38. h3 Ra1 39. g4 hxg4+ 40. hxg4 g6
41. g5 a2 42. Ke2 Ke8 43. e6 Kf8 {Game drawn by mutual agreement} 1/2-1/2

[Event "Team 45 45 League T43"]
[Site "Internet Chess Club"]
[Date "2009.11.09"]
[Round "2"]
[White "nosalt"]
[Black "Guoruey"]
[Result "1-0"]
[WhiteElo "2035"]
[BlackElo "1961"]
[Opening "Sicilian: Najdorf, 7...Be7 main line"]
[ECO "B99"]
[Time "20:56:49"]
[TimeControl "2700+45"]

1. e4 c5 2. Nf3 d6 3. d4 cxd4 4. Nxd4 Nf6 5. Nc3 a6 6. Bg5 e6 7. f4 Be7 8. Qf3
Qc7 9. O-O-O Nbd7 10. Bd3 b5 11. Rhe1 Bb7 12. Qg3 Nc5 13. e5 Nh5 14. Qh4 dxe5
15. fxe5 Nxd3+ 16. Rxd3 Bxg5+ 17. Qxg5 g6 18. g4 Ng7 19. Ndxb5 axb5 20. Nxb5 Qc6
21. Nd6+ Kf8 22. Rf1 Rxa2 23. Rxf7+ Kg8 24. Rxg7+ Kxg7 25. Qf6+ {Black resigns}
1-0

[Event "Team 45 45 League T43"]
[Site "Internet Chess Club"]
[Date "2009.11.05"]
[Round "2"]
[White "jefferyx"]
[Black "Holm"]
[Result "1-0"]
[WhiteElo "2000"]
[BlackElo "1884"]
[Opening "Ruy Lopez: closed, anti-Marshall 8.a4"]
[ECO "C88"]
[Time "16:45:36"]
[TimeControl "2700+45"]

1. e4 e5 2. Nf3 Nc6 3. Bb5 a6 4. Ba4 Nf6 5. O-O Be7 6. Re1 b5 7. Bb3 O-O 8. a4
Bb7 9. d3 d6 10. Nc3 b4 11. Ne2 a5 12. Ng3 Qd7 13. Nf5 Bd8 14. N3h4 d5 15. exd5
Nxd5 16. Qg4 {Black resigns} 1-0

[Event "Team 45 45 League T43"]
[Site "Internet Chess Club"]
[Date "2009.11.07"]
[Round "2"]
[White "ivanson"]
[Black "irock"]
[Result "1/2-1/2"]
[WhiteElo "1823"]
[BlackElo "1722"]
[Opening "Sicilian: Alapin's variation (2.c3)"]
[ECO "B22"]
[Time "19:00:22"]
[TimeControl "2700+45"]

1. e4 c5 2. c3 g6 3. d4 cxd4 4. cxd4 d5 5. e5 Bg7 6. Nc3 Nc6 7. h3 f6 8. f4 Nh6
9. g4 O-O 10. Bg2 Be6 11. Nf3 Rc8 12. O-O Nf7 13. Qe2 fxe5 14. fxe5 Qb6 15. Be3
Na5 16. Na4 Qc6 17. Nc5 Nc4 18. Bg5 Rc7 19. Rac1 Rfc8 20. b3 Nb6 21. Be3 Nd7 22.
Nd3 Qa6 23. Qd2 Rxc1 24. Rxc1 Rxc1+ 25. Nxc1 Nd8 26. Ng5 Bh6 27. Nd3 Qb5 28.
Nxe6 Bxe3+ 29. Qxe3 Nxe6 30. Nf4 Nxf4 {Game drawn by mutual agreement} 1/2-1/2

[Event "Team 45 45 League T43"]
[Site "Internet Chess Club"]
[Date "2009.11.10"]
[Round "2"]
[White "dscvdchk"]
[Black "oldsj"]
[Result "1-0"]
[WhiteElo "1675"]
[BlackElo "1599"]
[Opening "King's Indian: orthodox, Aronin-Taimanov, 9.Ne1"]
[ECO "E98"]
[Time "14:04:41"]
[TimeControl "2700+45"]

1. d4 Nf6 2. c4 g6 3. Nc3 Bg7 4. e4 d6 5. Nf3 O-O 6. Be2 e5 7. O-O Nc6 8. d5 Ne7
9. Ne1 Ne8 10. Be3 f5 11. f3 f4 12. Bf2 g5 13. c5 Nf6 14. Rc1 Bd7 15. Qb3 b6 16.
cxd6 cxd6 17. Qa3 Be8 18. Nb5 Bxb5 19. Bxb5 g4 20. Be2 gxf3 21. Bxf3 Rc8 22. Nd3
Qd7 23. Rxc8 Rxc8 24. Rc1 Ng4 25. Rxc8+ Nxc8 26. Qc3 Bf8 27. Nb4 Ne7 28. Nc6 Nf6
29. h3 Nxc6 30. dxc6 Qc7 31. Qc4+ Kg7 32. b4 Ne8 33. b5 Qe7 34. Bd1 Qf7 35. Bb3
Qxc4 36. Bxc4 Nc7 37. a4 d5 38. exd5 e4 39. Kf1 e3 40. Be1 Be7 41. Ke2 Bd6 42.
a5 Kf6 43. axb6 axb6 44. Bc3+ Ke7 45. Bd4 Na8 46. Kf3 Bc7 47. Bg7 Bd6 48. Bh6
Nc7 49. Bg5+ Kf7 50. Bxf4 Bxf4 51. Kxf4 e2 52. Bxe2 Nxd5+ 53. Ke5 Nc7 54. Kd6
Ne8+ 55. Kd7 Nf6+ 56. Kc8 Nd5 57. Bc4 Ke6 58. Bxd5+ Kxd5 59. Kd7 {Black resigns}
1-0

[Event "Team 45 45 League T43"]
[Site "Internet Chess Club"]
[Date "2009.11.10"]
[Round "2"]
[White "badmove"]
[Black "g8wrb"]
[Result "1-0"]
[WhiteElo "1601"]
[BlackElo "1464"]
[Opening "Queen's pawn"]
[ECO "A40"]
[Time "15:02:39"]
[TimeControl "2700+45"]

1. d4 e6 2. Nf3 d5 3. c4 Nf6 4. g3 c5 5. Bg2 Nc6 6. O-O Be7 7. b3 Qb6 8. Nc3
Nxd4 9. Nxd4 cxd4 10. Na4 Qc6 11. Qxd4 O-O 12. Bb2 b5 13. cxb5 Qxb5 14. e3 Bb7
15. Rac1 Qb4 16. Rc7 Bd6 17. Qxb4 Bxb4 18. Rxb7 Rfc8 {Black resigns} 1-0

[Event "Team 45 45 League T43"]
[Site "Internet Chess Club"]
[Date "2009.11.09"]
[Round "2"]
[White "seldredg"]
[Black "beerss"]
[Result "0-1"]
[WhiteElo "1379"]
[BlackElo "1347"]
[Opening "Queen's pawn game, Chigorin variation"]
[ECO "D02"]
[Time "20:00:15"]
[TimeControl "2700+45"]

1. d4 d5 2. Nf3 Nc6 3. Bf4 Nf6 4. e3 e6 5. Nbd2 Be7 6. Ne5 O-O 7. c4 Nxe5 8.
Bxe5 c6 9. Bd3 Nd7 10. Qc2 f5 11. Bf4 Bg5 12. g3 Bxf4 13. gxf4 Nf6 14. O-O-O Ng4
15. Nf3 Bd7 16. c5 Be8 17. Ng5 Bd7 18. h3 Nf6 19. f3 h6 20. h4 hxg5 21. hxg5 Ne8
22. g6 Rf6 23. Rdg1 Kf8 24. Rh8+ Ke7 25. Qh2 Rc8 26. Qh7 Rf8 27. Rh1 Rxh8 28.
Qxh8 Qa5 29. Qh4+ Nf6 30. a3 b5 31. Bc2 b4 32. a4 Rb8 33. b3 Qa6 34. Kd2 Rg8 35.
Rg1 Qc8 36. e4 Rh8 37. Qg3 dxe4 38. fxe4 fxe4 39. Re1 Qf8 40. f5 Qb8 41. Qe3
Qh2+ 42. Kd1 Rh3 43. Qc1 Rc3 44. Re2 Qh5 45. Qf4 Qh1+ 46. Re1 Qf3+ {White
resigns} 0-1

[Event "Team 45 45 League T43"]
[Site "Internet Chess Club"]
[Date "2009.11.10"]
[Round "2"]
[White "chips"]
[Black "rgadoury"]
[Result "0-1"]
[WhiteElo "1163"]
[BlackElo "1263"]
[Opening "Réti opening"]
[ECO "A04"]
[Time "19:35:50"]
[TimeControl "2700+45"]

1. Nf3 b6 2. e4 Bb7 3. d3 d6 4. g3 g6 5. Bg2 Bg7 6. O-O Nd7 7. c3 Ngf6 8. Nbd2
Nc5 9. Qc2 a5 10. a3 Ba6 11. c4 O-O 12. Nb3 Nxb3 13. Qxb3 Bb7 14. a4 Nd7 15. Qd1
e5 16. Bg5 Qc8 17. Qc1 Nc5 18. Qe3 f6 19. Bh6 Bxh6 20. Qxh6 Nxd3 21. Bh3 Qe8 22.
b3 Bxe4 23. Qe3 Bxf3 24. Qxf3 Nc5 25. Qd5+ Kg7 26. Rab1 f5 27. Bg2 Rd8 28. Qc6
Qxc6 29. Bxc6 Ne4 30. Bxe4 fxe4 31. Rbe1 Rf3 32. Rb1 Rdf8 33. Rb2 e3 34. Kg2
Rxf2+ 35. Rfxf2 Rxf2+ 36. Rxf2 exf2 37. Kxf2 g5 38. Ke3 Kf6 39. Ke4 c6 40. g4
Kg6 41. h3 h6 42. Kf3 Kf6 43. Ke4 Ke6 44. Ke3 d5 45. Kd3 Kd6 46. Ke3 Kc5 47. Kd3
Kb4 48. cxd5 cxd5 49. Kc2 d4 {White resigns} 0-1

[Event "Team 45 45 League T43"]
[Site "Internet Chess Club"]
[Date "2009.11.07"]
[Round "2"]
[White "yemisco1"]
[Black "Gilguli"]
[Result "0-1"]
[WhiteElo "1553"]
[BlackElo "1551"]
[Opening "Queen's pawn: Chigorin variation"]
[ECO "D00"]
[Time "16:01:03"]
[TimeControl "2700+45"]

1. d4 d5 2. Nc3 Nf6 3. g3 Nc6 4. Bg2 Bf5 5. a3 e6 6. Nf3 Bd6 7. Bg5 h6 8. Bxf6
Qxf6 9. e3 O-O-O 10. b4 Rhe8 11. O-O e5 12. Nxd5 Qe6 13. c4 Be4 14. b5 Ne7 15.
Nxe7+ Bxe7 16. d5 Qf6 17. Qe2 Bc5 18. Nd2 Bh7 19. Nb3 Bd6 20. c5 Bf8 21. e4 Qg5
22. d6 cxd6 23. cxd6 Bxd6 24. Qc4+ Kb8 25. Qxf7 Bg8 26. Qf3 Rf8 27. Qd1 Bxa3 28.
Qb1 Bb4 29. Na5 Bc5 30. Qc2 Bb6 31. Bh3 Rd2 32. Bf5 Rxc2 33. Nc6+ bxc6 34. bxc6
Kc7 35. Rad1 Bd4 36. h4 Qe7 37. Kg2 Bc4 38. Rh1 g6 39. Rc1 Rxf2+ 40. Kh3 gxf5
41. Rxc4 fxe4 42. Ra4 Qe6+ 43. g4 R8f3# {White checkmated} 0-1

[Event "Team 45 45 League T43"]
[Site "Internet Chess Club"]
[Date "2009.11.13"]
[Round "2"]
[White "IanT"]
[Black "reverendjim"]
[Result "1-0"]
[WhiteElo "1478"]
[BlackElo "1396"]
[Opening "Caro-Kann: Panov-Botvinnik attack, 5...g6"]
[ECO "B14"]
[Time "23:00:33"]
[TimeControl "2700+45"]

1. e4 c6 2. d4 d5 3. exd5 cxd5 4. c4 Nf6 5. Nc3 g6 6. Nf3 Bg7 7. Bd3 O-O 8. O-O
Bg4 9. Be3 Nc6 10. cxd5 Nxd5 11. Nxd5 Qxd5 12. Be2 e6 13. h3 Bxf3 14. Bxf3 Qb5
15. Bxc6 Qxc6 16. Rc1 Qd7 17. Qd2 Rfc8 18. a3 Rxc1 19. Rxc1 b6 20. Qb4 Rc8 21.
Rc3 Rd8 22. Rd3 Bf8 23. Qc3 Rc8 24. Qd2 Qd5 25. Qe2 Bg7 26. Qg4 Rc2 27. b4 Qc4
28. Qe4 Qc8 29. Qf4 Ra2 30. Kh2 Qd8 31. g3 Rc2 32. Qe4 Rc4 33. Kg2 {Black
forfeits on time} 1-0

[Event "Team 45 45 League T43"]
[Site "Internet Chess Club"]
[Date "2009.11.07"]
[Round "2"]
[White "Aquaman"]
[Black "GiulioCre"]
[Result "1-0"]
[WhiteElo "1319"]
[BlackElo "1181"]
[Opening "Queen's Pawn"]
[ECO "A41"]
[Time "10:00:20"]
[TimeControl "2700+45"]

1. d4 d6 2. Nf3 Nf6 3. e3 Nbd7 4. Bd3 e5 5. dxe5 dxe5 6. Bc4 Be7 7. Nbd2 O-O 8.
O-O c6 9. b3 Qc7 10. Bb2 e4 11. Nd4 Bd6 12. f4 exf3 13. N2xf3 Ng4 14. h3 Bh2+
15. Kh1 Nxe3 16. Qd3 Nxf1 17. Rxf1 b5 18. Ng5 Nf6 19. Rxf6 g6 20. Bxf7+ Rxf7 21.
Rxf7 Qb8 22. Nxc6 Qb6 23. Qd8+ Qxd8 24. Nxd8 Ba6 25. Rg7+ Kf8 26. Nde6+ Ke8 27.
Kxh2 Rc8 28. Rg8+ Kd7 29. Rxc8 Bxc8 30. Nc5+ Kc6 31. Nd3 Bf5 32. Nxh7 Bxd3 33.
cxd3 a5 34. g4 Kd5 35. Nf8 g5 36. Kg3 Kd6 37. Nh7 Ke7 38. Nxg5 Kf8 39. h4 Kg8
40. h5 a4 41. bxa4 bxa4 42. h6 a3 43. Bd4 Kf8 44. h7 Ke7 45. h8=Q Kd7 46. Qg7+
Kd6 47. Qe5+ Kc6 48. Qc5+ Kd7 49. Ne4 Ke6 50. Qd6+ Kf7 51. Qf6+ Ke8 52. Nd6+ Kd7
53. Qe5 Kc7 54. Nb5+ Kc6 55. Qc5+ Kd7 56. Qd6+ Ke8 57. Nc7+ Kf7 58. Qf6+ Kg8 59.
Qg7# {Black checkmated} 1-0

[Event "Team 45 45 League T43"]
[Site "Internet Chess Club"]
[Date "2009.11.12"]
[Round "2"]
[White "carambola"]
[Black "nozmov"]
[Result "0-1"]
[WhiteElo "1171"]
[BlackElo "1369"]
[Opening "French: Two knights variation"]
[ECO "C00"]
[Time "18:27:25"]
[TimeControl "2700+45"]

1. e4 e6 2. Nf3 d5 3. Nc3 Bb4 4. d4 dxe4 5. Ne5 f6 6. Qh5+ g6 7. Nxg6 hxg6 8.
Qxh8 Kd7 9. Bb5+ c6 10. Bc4 b5 11. Qg7+ Kd6 12. Bf4+ e5 13. dxe5+ Kc5 14. Be3+
Kxc4 15. Qf7+ Qd5 16. Qxd5+ cxd5 17. O-O-O Bxc3 18. bxc3 Nc6 19. f4 Be6 20. h3
Kxc3 21. g4 fxe5 22. Bd2+ Kc4 23. Rhf1 Nd4 24. Kb2 a5 25. Be3 Nf3 26. fxe5 d4
27. Bf4 g5 28. Bg3 Ne7 29. Rc1 Rd8 30. Rf2 Nc6 31. a3 Kd5 32. Rd1 Ncxe5 33. c4+
bxc4 34. Kc2 Rb8 35. Rb1 Rxb1 36. Kxb1 c3 37. Kc2 e3 38. Rf1 Ke4 39. Rb1 Bc4 40.
Rb8 Bd3+ 41. Kd1 Be2+ 42. Kxe2 c2 43. Rc8 Ng1+ 44. Kf1 Nxh3 45. Rxc2 Nxg4 46.
Rc5 Kd3 47. Rxa5 Kd2 48. Rb5 e2+ 49. Kg2 Nhf2 50. Rb2+ Ke3 51. Rb3+ d3 52. Rb8
e1=Q 53. Re8+ Kd2 54. Rxe1 Kxe1 55. a4 d2 56. a5 d1=Q 57. a6 Qd5+ 58. Kg1 Qh1#
{White checkmated} 0-1

[Event "Team 45 45 League T43"]
[Site "Internet Chess Club"]
[Date "2009.11.08"]
[Round "2"]
[White "GadsHill"]
[Black "tryanything"]
[Result "1-0"]
[WhiteElo "1546"]
[BlackElo "1593"]
[Opening "Benkö gambit"]
[ECO "A57"]
[Time "17:00:50"]
[TimeControl "2700+45"]

1. d4 Nf6 2. c4 c5 3. d5 b5 4. Nf3 d6 5. Qc2 g6 6. cxb5 a6 7. b6 Qxb6 8. e4 Bg7
9. Nc3 O-O 10. Be2 Nbd7 11. O-O e6 12. Bc4 exd5 13. Nxd5 Nxd5 14. Bxd5 Rb8 15.
Rb1 Nf6 16. Bb3 d5 17. Nd2 dxe4 18. Nc4 Qc7 19. Ne3 Ng4 20. Nxg4 Bxg4 21. Be3
Qe5 22. Qxc5 Rb5 23. Qxe5 Bxe5 24. Rfc1 Be2 25. Rc6 Bd3 26. Rd1 Bxb2 27. f3 a5
28. fxe4 Bxe4 29. Ra6 Bc3 30. Rdd6 Kg7 31. Bd4+ Bxd4+ 32. Rxd4 {Black forfeits
on time} 1-0

[Event "Team 45 45 League T43"]
[Site "Internet Chess Club"]
[Date "2009.11.07"]
[Round "2"]
[White "smsxman"]
[Black "sdcohle"]
[Result "1-0"]
[WhiteElo "1571"]
[BlackElo "1393"]
[Opening "Vienna game"]
[ECO "C26"]
[Time "21:44:35"]
[TimeControl "2700+45"]

1. e4 e5 2. Bc4 Nf6 3. Nc3 a6 4. Nf3 Nc6 5. Ng5 d5 6. exd5 Nxd5 7. d3 Be7 8.
Nxd5 Bxg5 9. Bxg5 Qxg5 10. Nxc7+ Kf8 11. Qf3 Qe7 12. Nxa8 Nd4 13. Qd1 b5 14. Bd5
Qd6 15. Be4 f5 16. Bf3 Kf7 17. c3 Ne6 18. O-O Bd7 19. c4 Nd4 20. Bd5+ Be6 21.
Bxe6+ Kxe6 22. cxb5 Rxa8 23. bxa6 Rxa6 24. Re1 Rc6 25. Rc1 Rb6 26. b3 Kf7 27.
Qh5+ g6 28. Qxh7+ Kf6 29. Qh8+ Kg5 30. Rxe5 Rb8 31. h4+ Kg4 32. Re8 Ne2+ 33. Kh1
Rxe8 34. Rc4+ f4 35. Qxe8 Qxd3 36. Qe6+ Kh5 37. Qe5+ Kh6 38. Qh8# {Black
checkmated} 1-0